 Dungeon Crawl Stone Soup version 0.32-a0-18-g89e19f1974 (webtiles) character file.

Game seed: 8225399736355627322

16095 Gargoyl the Cruncher (level 12, -2/84 HPs)
             Began as a Gargoyle Berserker on Jan 16, 2024.
             Was a Priest of Trog.
             Slain by a yak (18 damage)
             ... on level 2 of the Lair of Beasts.
             The game lasted 00:14:28 (10952 turns).

Gargoyl the Cruncher (Gargoyle Berserker)          Turns: 10952, Time: 00:14:29

Health: -2/84      AC: 22    Str: 31    XL:     12   Next: 33%
Magic:  12/12      EV: 16    Int:  8    God:    Trog [***...]
Gold:   649        SH:  0    Dex: 18    Spells: 11/11 levels left

rFire   . . .        o - +3 quarterstaff (chaos)
rCold   . . .        (shield currently unavailable)
rNeg    + . .        C - +0 steam dragon scales
rPois   ∞            (no helmet)
rElec   +            f - +1 cloak
rCorr   .            L - +0 pair of gloves
SInv    .            G - +2 pair of boots
Will    ++...        (no amulet)
Stlth   +++          p - +6 ring of dexterity
HPRegen 1.34/turn    w - +6 ring of strength
MPRegen 0.13/turn

%: no passive effects
@: strong-willed (expiring), on berserk cooldown, regenerating (expiring),
slowed, very slow
A: sickness immunity, AC +8, negative energy resistance 1, electricity
resistance, torment resistance 1, petrification resistance, hooves 1, robust 1,
strong 1
a: Renounce Religion, Berserk, Trog's Hand


You were on level 2 of the Lair of Beasts.
You worshipped Trog.
Trog was most pleased with you.
You visited 2 branches of the dungeon, and saw 12 of its levels.

You collected 649 gold pieces.

Inventory:

Hand Weapons
 a - a +0 hand axe
 k - a +0 flail
 o - a +3 quarterstaff of chaos (weapon)
 M - a +2 antimagic war axe
Missiles
 q - 41 poisoned darts (quivered)
Armour
 f - a +1 cloak (worn)
 C - +0 steam dragon scales (worn)
 G - a +2 pair of boots (worn)
 L - a +0 pair of gloves (worn)
Jewellery
 p - a +6 ring of dexterity (left hand)
 w - a +6 ring of strength (right hand)
Wands
 h - a wand of roots (13)
 m - a wand of flame (16)
 y - a wand of polymorph (5)
 A - a wand of paralysis (13)
 D - a wand of mindburst (16)
 N - a wand of digging (5)
Scrolls
 b - 2 scrolls of teleportation
 j - a scroll of revelation
 r - 4 scrolls of identify
 s - 2 scrolls of silence
 u - a scroll of poison
 v - a scroll of fear
 H - 3 scrolls of enchant armour
Potions
 c - 2 potions of lignification
 d - 11 potions of curing
 e - 3 potions of haste
 g - a potion of heal wounds
 i - a potion of enlightenment {unknown}
 l - a potion of berserk rage {unknown}
 n - a potion of mutation
 t - 2 potions of attraction
 x - a potion of might {unknown}
 z - 3 potions of cancellation {unknown}
 B - a potion of degeneration {unknown}
 E - a potion of brilliance {unknown}
 J - 3 potions of magic {unknown}


   Skills:
 + Level 10.2 Fighting
 + Level 4.0 Axes
 + Level 13.5 Staves
 + Level 0.1 Throwing
 + Level 6.7 Armour
 + Level 7.1 Dodging
 + Level 5.1 Stealth


You had 11 spell levels left.
You didn't know any spells.
Your spell library was empty.

Dungeon Overview and Level Annotations

Branches:
Dungeon (9/15)             Temple (0/1) D:4            Lair (3/5) D:8
  Swamp (0/4) Lair:2       Spider (0/4) Lair:2
    Orc: D:9-12

Altars:
Nemelex Xobeh
Wu Jian
Xom
Yredelemnul

Shops:
D:6 (


Innate Abilities, Weirdness & Mutations

You are immune to sickness and miasma.
Your stone body is resilient. (AC +8)
You are immune to poison.
You resist negative energy. (rN+)
You are resistant to electric shocks. (rElec)
You are resistant to unholy torment.
You are immune to petrification.
You have large cloven feet.
You are robust. (+10% HP)
Your muscles are strong. (Str +4, Int/Dex -1)


Message History

The six-headed hydra bites you.
* * * LOW HITPOINT WARNING * * *
The six-headed hydra closely misses you.
You sock the six-headed hydra!
The six-headed hydra looks as sick as possible!
The six-headed hydra is almost dead.
You bludgeon the six-headed hydra!!
You kill the six-headed hydra!
Trog accepts your kill.
Unknown command.
The yak bellows! x2
Things that are here:
a yak corpse; a yak corpse You feel a strong urge to attack something.
You see here a hydra corpse.
You are no longer berserk.
You are exhausted.
You feel yourself slow down. The yak attacks as it pursues you!
The yak gores you but does no damage. The yak gores you.
* * * LOW HITPOINT WARNING * * *
There is a stone staircase leading up here.
The yak barely misses you.
The catoblepas bellows!
You climb upwards.
There is a stone staircase leading down here.
You bludgeon the yak!!
The yak seems to slow down.
The yak is heavily wounded.
The yak gores you!
* * * LOW HITPOINT WARNING * * *
You barely miss the yak.
The yak is heavily wounded.
You sock the yak!
The yak seems to grow stronger.
The yak is almost dead.
The yak barely misses you.
You barely miss the yak.
The yak is almost dead.
You feel the effects of Trog's Hand fading.
The yak gores you!!
You die...

#.....#...###.### ♣♣~.♣♣♣♣.......
..#.##.#..###...###♣♣♣♣##........
#.#.#.##..#P...#..######.........
.#....#..###...#####.............
...>.......#..## #..#.###......
##...#....##.#.#####...## ##...##
#.....##..#..####.#P..## ##.##
###.###.)....##.Y.##.## ###
##...##.......#.@.####
..[..........##...# ####
.............#...## #.#P
..#..#............# ### ##..
......##....#.....# #.### #P..
....♣..##.......######..^# #P..
..#......#.#.....###.....## ##..
...##.....#....##.#..(....# #...
..............#####.......## #...


You could see a yak (strong, slow).

Vanquished Creatures
  2 hydras
  2 ghost crabs (Lair:2)
  The ghost of Sp3rw3r the Cleaver, a novice MiFi of Okawaru (D:8)
  Pikel (D:6)
  2 black mambas
  6 cane toads
  4 rime drakes
  A komodo dragon (Lair:3)
  An unseen horror skeleton (D:8)
  2 blink frogs (Lair:1)
  A basilisk (Lair:1)
  3 wyverns
  11 yaks
  3 steam dragons
  A spectral komodo dragon (Lair:2)
  2 acid dragons
  4 water moccasins
  Duvessa (D:6)
  3 orc warriors
  2 spectral polar bears (Lair:2)
  An ice beast (D:7)
  A sky beast (D:6)
  4 black bears
  3 ogres
  7 wolves
  2 centaurs
  A lemure (D:6)
  3 kobold brigands
  10 bullfrogs
  8 scorpions
  A gnoll sergeant (D:8)
  Dowan (D:6)
  2 electric eels (Lair:1)
  2 bombardier beetles
  3 howler monkeys
  A hound (D:7)
  A jelly (D:8)
  Crazy Yiuf (D:2)
  5 orc priests
  A gnoll bouda (D:8)
  7 orc wizards
  2 iguanas
  12 gnolls
  13 adders
  A shadow imp (D:7)
  2 howler monkey simulacra (D:8)
  A dart slug (D:1)
  3 ribbon worms
  26 orcs
  8 endoplasms
  6 giant cockroaches
  5 goblins
  8 hobgoblins
  3 jackals (D:3)
  4 quokkas
  4 ball pythons
  6 bats
  3 frilled lizards
  20 kobolds
  8 rats
253 creatures vanquished.

Vanquished Creatures (collateral kills)
  A komodo dragon (Lair:2)
  A blink frog (Lair:2)
2 creatures vanquished.

Vanquished Creatures (others)
  A spectral hornet (D:8)
  A ball python zombie (D:3)
  A kobold (D:9)
3 creatures vanquished.

Grand Total: 258 creatures vanquished

Notes
Turn   | Place    | Note
-------+----------+-------------------------------------------
     0 | D:1      | Gargoyl the Gargoyle Berserker began the quest for the Orb.
     0 | D:1      | Reached XP level 1. HP: 14/14 MP: 1/1
   179 | D:1      | Reached XP level 2. HP: 13/19 MP: 2/2
   478 | D:1      | Found a faded altar of an unknown god.
   817 | D:2      | Reached XP level 3. HP: 24/24 MP: 3/3
  1036 | D:2      | Reached ** piety under Trog
  1468 | D:2      | Found a runed translucent door.
  1469 | D:2      | Noticed Crazy Yiuf
  1477 | D:2      | Killed Crazy Yiuf
  1478 | D:2      | Reached XP level 4. HP: 29/29 MP: 4/4
  1913 | D:3      | Reached XP level 5. HP: 29/33 MP: 5/5
  2094 | D:3      | Reached skill level 1 in Staves
  2452 | D:4      | Found a shimmering altar of Xom.
  2499 | D:4      | Found a staircase to the Ecumenical Temple.
  2643 | D:4      | Reached skill level 2 in Staves
  2643 | D:4      | Reached XP level 6. HP: 39/39 MP: 6/6
  2800 | D:4      | Found a basalt altar of Yredelemnul.
  2808 | D:4      | Reached skill level 3 in Staves
  2979 | D:5      | Entered Level 5 of the Dungeon
  2992 | D:5      | Reached skill level 5 in Fighting
  3105 | D:5      | Reached XP level 7. HP: 41/44 MP: 7/7
  3115 | D:5      | Reached skill level 4 in Staves
  3238 | D:5      | Gained mutation: Your muscles are strong. (Str +4, Int/Dex
                  | -1) [potion of mutation]
  3238 | D:5      | Gained mutation: You are robust. (+10% HP) [potion of
                  | mutation]
  3238 | D:5      | Gained mutation: You have large cloven feet. [potion of
                  | mutation]
  3343 | D:5      | Reached skill level 5 in Staves
  3718 | D:6      | Noticed Duvessa
  3718 | D:6      | Noticed Dowan
  3725 | D:6      | Killed Duvessa
  3741 | D:6      | Killed Dowan
  3742 | D:6      | Reached XP level 8. HP: 40/55 MP: 8/8
  3799 | D:6      | Reached *** piety under Trog
  3800 | D:6      | Reached skill level 6 in Staves
  4307 | D:6      | Found Xarphat's Weapon Shoppe.
  4313 | D:6      | Reached skill level 7 in Staves
  4575 | D:6      | Reached skill level 5 in Armour
  4593 | D:6      | Identified the +1 whip "Qapnekai" {heavy, Will- Dex+5 SInv}
  4644 | D:6      | Reached XP level 9. HP: 60/60 MP: 9/9
  4727 | D:6      | Noticed Pikel
  4739 | D:6      | Killed Pikel
  4740 | D:6      | Reached skill level 8 in Staves
  5006 | D:6      | You fall into a shaft and drop 2 floors!
  5006 | D:8      | Found an ornate altar of the Wu Jian Council.
  5268 | D:8      | Reached skill level 9 in Staves
  5510 | D:8      | Reached skill level 1 in Stealth
  6361 | D:8      | Reached XP level 10. HP: 56/69 MP: 10/10
  6440 | D:8      | Found a runed translucent gate.
  6440 | D:8      | Found a runed translucent gate.
  6441 | D:8      | Found a runed translucent gate.
  6586 | D:8      | Found a staircase to the Lair.
  6679 | D:8      | Noticed Sp3rw3r's ghost (novice MiFi)
  7199 | D:8      | Reached skill level 10 in Staves
  7211 | D:8      | Killed Sp3rw3r's ghost
  7622 | D:9      | Found a sparkling altar of Nemelex Xobeh.
  7791 | D:9      | Reached **** piety under Trog
  8215 | Lair:1   | Entered Level 1 of the Lair of Beasts
  8241 | Lair:1   | Reached skill level 11 in Staves
  8296 | Lair:1   | Noticed a cane toad
  8310 | Lair:1   | Killed a cane toad
  8327 | Lair:2   | Reached skill level 5 in Dodging
  8327 | Lair:2   | Reached XP level 11. HP: 23/75 MP: 11/11
  8552 | Lair:1   | You fall into a shaft and drop 1 floor!
  8573 | Lair:2   | Found a hole to the Spider Nest.
  8844 | Lair:2   | Noticed a seven-headed hydra
  8866 | Lair:2   | Killed a seven-headed hydra
  8867 | Lair:2   | Reached skill level 12 in Staves
  9641 | Lair:1   | Reached skill level 5 in Stealth
 10319 | Lair:2   | Noticed a ghost crab
 10329 | Lair:2   | Killed a ghost crab
 10330 | Lair:2   | Reached XP level 12. HP: 83/83 MP: 12/12
 10335 | Lair:2   | Reached skill level 13 in Staves
 10336 | Lair:2   | Found a staircase to the Swamp.
 10343 | Lair:2   | Noticed a ghost crab
 10354 | Lair:2   | Killed a ghost crab
 10804 | Lair:3   | Reached skill level 10 in Fighting
 10894 | Lair:3   | Noticed a six-headed hydra
 10900 | Lair:3   | Noticed a catoblepas
 10940 | Lair:3   | Killed a six-headed hydra
 10952 | Lair:2   | Slain by a yak

Illustrated notes

Levels and vault maps discovered:
D:1:      dpeg_arrival_shelter, layout_basic,
          shapermc_ecumenical_altar_mp_urbaneastern
D:2:      layout_basic, minmay_heptomino_d4, uniq_crazy_yiuf_cottage
D:3:      layout_basic
D:4:      layout_cave_pools, mainiacjoe_overflow_large_starburst,
          minmay_temple_entry_poolview, amethyst_killhole
D:5:      layout_basic
D:6:      nicolae_cairo_tiling_large_dashed, layout_basic,
          mainiacjoe_overflow_boulevard, serial_shops,
          nicolae_shop_behind_doors, uniq_pikel, uniq_duvessa
D:7:      layout_loops_ring, minivault_25
D:8:      layout_loops_corners, nzn_wu_jian_contemplation, lair_entry_dummy,
          gammafunk_ghost_necromancy
D:9:      layout_loops_corners, mainiacjoe_overflow_catwalk,
          nicolae_two_hexagons
Lair:1:   layout_cave_pods, portal_ice_cave_rime, wad_woods_river_01
Lair:2:   layout_cave_pods, nicolae_swamp_entry_spooky,
          nicolae_spider_entry_non_spiders, chequers_serial_rivers_micro_b,
          grunt_megastairs_4
Lair:3:   layout_loops_ring, uniq_gastronok

Skill      XL: |  1  2  3  4  5  6  7  8  9 10 11 12 |
---------------+-------------------------------------+-----
Axes           | 3 4 |  4.0
Fighting       | 4 5 6 7 8 9 10 | 10.2
Dodging        | 2 3 5 6 7 |  7.1
Staves         | 2 3 5 7 9 11 12 13 | 13.5
Armour         | 3 5 6 |  6.7
Stealth        | 1 3 5 |  5.1
Throwing       | |  0.1

Action                     |  1- 3 |  4- 6 |  7- 9 | 10-12 || total
---------------------------+-------+-------+-------+-------++-------
  Melee: Hand axe          |    78 |       |       |       ||    78
         War axe           |    36 |       |       |       ||    36
         Quarterstaff      |       |   109 |   239 |   408 ||   756
  Throw: Dart              |       |       |       |     1 ||     1
 Invoke: Berserk           |     2 |     3 |     6 |     7 ||    18
         Trog's Hand       |       |       |     1 |     8 ||     9
         Brothers in Arms  |       |       |       |     1 ||     1
    Use: Scroll            |     3 |     6 |     4 |     2 ||    15
         Potion            |       |       |     1 |       ||     1
   Stab: Confused          |       |       |     1 |     1 ||     2
         Sleeping          |       |       |     1 |     1 ||     2
         Distracted        |       |       |       |     1 ||     1
         Petrified         |       |       |       |     1 ||     1
         Paralysed         |       |       |       |     1 ||     1
 Armour: Animal skin       |    72 |    61 |       |       ||   133
         Plate armour      |       |    78 |   150 |       ||   228
         Scale mail        |       |     8 |       |       ||     8
         Steam dragon scal |       |       |    49 |   321 ||   370
  Dodge: Dodged            |    71 |   120 |    92 |   350 ||   633

Table legend: (Time is in decaauts)
 A = Elapsed time spent in this place.
 B = Non-inter-level travel time spent in this place.
 C = Inter-level travel time spent in this place.
 D = Time resting spent in this place.
 E = Time spent auto-exploring this place.
 F = Levels seen in this place.
 G = Mean time per level.
                   A        B        C        D        E       F      G
               +--------+--------+--------+--------+--------+-----+--------+
         Total |  11053 |  10639 |    414 |    844 |   7345 |  12 |  921.1 |
       Dungeon |   8343 |   7968 |    375 |    583 |   5531 |   9 |  927.0 |
          Lair |   2710 |   2672 |     38 |    261 |   1814 |   3 |  903.3 |
               +--------+--------+--------+--------+--------+-----+--------+

Top non-repeatable levels by time:
     D:8: 1455 daAuts
  Lair:1: 1322 daAuts
     D:6: 1307 daAuts
  Lair:2: 1170 daAuts
     D:9: 905 daAuts
     D:1: 873 daAuts
     D:7: 836 daAuts
     D:2: 802 daAuts
     D:3: 800 daAuts
     D:5: 756 daAuts
     D:4: 605 daAuts
  Lair:3: 217 daAuts
